 Dungeon Crawl Stone Soup version 0.21.0-24-g2553a33 (webtiles) character file.

1 Monsterracer the Sneak (level 1, 0/12 HPs)
             Began as a Deep Elf Assassin on Jan 21, 2018.
             Killed from afar by a dart slug (2 damage)
             ... with a slug dart
             ... on level 1 of the Dungeon.
             The game lasted 00:00:13 (33 turns).

Monsterracer the Sneak (Deep Elf Assassin)            Turns: 33, Time: 00:00:14

Health: 0/12       AC:  3    Str:  8    XL:     1   Next: 16%
Magic:  3/3        EV: 12    Int: 15    God:
Gold:   0          SH:  0    Dex: 16    Spells: 0/0 levels left

rFire    . . .     SeeInvis .   a - +2 dagger
rCold    . . .     Gourm    .   (no shield)
rNeg     . . .     Faith    .   g - +0 robe
rPois    .         Spirit   .   (no helmet)
rElec    .         Reflect  .   d - +0 cloak
rCorr    .         Harm     .   (no gloves)
MR       .....                  (no boots)
Stlth    +++.......             (no amulet)
HPRegen  0.04/turn              (no ring)
MPRegen  0.08/turn              (no ring)

@: no status effects
A: no striking features
a: no special abilities


You were on level 1 of the Dungeon.
You were not hungry.

You visited 1 branch of the dungeon, and saw 1 of its levels.

Inventory:

Hand Weapons
 a - a +2 dagger (weapon)
 b - a +0 blowgun
Missiles
 e - 8 poisoned needles
 f - 2 curare-tipped needles
Armour
 d - a +0 cloak (worn)
 g - a +0 robe (worn)
Comestibles
 c - a ration


   Skills:
 + Level 1.5 Fighting
 * Level 2.0 Short Blades
 - Level 2.0 Throwing
 + Level 1.2 Dodging
 + Level 4.8 Stealth


You couldn't memorise any spells.
You didn't know any spells.

Dungeon Overview and Level Annotations

Branches:
Dungeon (1/15)

Altars:


Message History

c - a ration;
g - a +0 robe (worn)
Welcome, Monsterracer the Deep Elf Assassin.
Will you be the one to retrieve the fabulous Orb of Zot from the depths?
Press ? for a list of commands and other information.
Found a staircase leading out of the dungeon.
No target in view!
A giant cockroach comes into view.
A giant cockroach is nearby!
No reachable target in view!
A giant cockroach is nearby!
No reachable target in view!
No reachable target in view!
No reachable target in view!
A giant cockroach is nearby!
Found a fizzy orange potion.
The giant cockroach bites you but does no damage. x2
You hit the giant cockroach but do no damage.
The giant cockroach barely misses you.
You hit the giant cockroach.
The giant cockroach is severely wounded.
The giant cockroach closely misses you.
A giant cockroach is nearby!
You hit the giant cockroach but do no damage.
The giant cockroach is severely wounded.
The giant cockroach completely misses you.
You hit the giant cockroach.
The giant cockroach is almost dead.
The giant cockroach bites you.
You take 1 damage, and have 11/12 hp.
You hit the giant cockroach but do no damage.
The giant cockroach is almost dead.
The giant cockroach barely misses you.
You closely miss the giant cockroach.
The giant cockroach is almost dead.
The giant cockroach closely misses you.
A giant cockroach is nearby!
You hit the giant cockroach but do no damage.
The giant cockroach is almost dead.
The giant cockroach misses you.
A giant cockroach is nearby!
You barely miss the giant cockroach.
The giant cockroach is almost dead.
The giant cockroach bites you but does no damage.
A giant cockroach is nearby!
You hit the giant cockroach but do no damage.
The giant cockroach is almost dead.
The giant cockroach closely misses you.
A giant cockroach is nearby!
You hit the giant cockroach but do no damage.
The giant cockroach is almost dead.
The giant cockroach bites you.
You take 1 damage, and have 10/12 hp.
You closely miss the giant cockroach.
The giant cockroach is almost dead.
The giant cockroach bites you.
You take 2 damage, and have 8/12 hp.
A giant cockroach is nearby!
You are too injured to fight recklessly!
You are too injured to fight recklessly!
A giant cockroach is nearby!
You are too injured to fight recklessly!
A giant cockroach is nearby!
You are too injured to fight recklessly!
A giant cockroach is nearby!
You completely miss the giant cockroach.
The giant cockroach is almost dead.
The giant cockroach bites you but does no damage.
You hit the giant cockroach.
You kill the giant cockroach!
A dart slug comes into view.
The dart slug launches a dart at you. The slug dart hits you!
Ouch! That really hurt!
* * * LOW HITPOINT WARNING * * *
You take 7 damage, and have 1/12 hp.
MASSIVE DAMAGE!!
You start resting.
You hit the dart slug.
The dart slug is heavily wounded.
You hit the dart slug.
The dart slug is severely wounded.
The dart slug closely misses you.
You hit the dart slug.
The dart slug is almost dead.
The dart slug launches a dart at you. The slug dart hits you!
You die...

##############
.....!.......##### .
..................
#...#.....##.#.#####
#..######.##.#..#
...8.....8.....##
#..#.....#....w.#
#..<..#...@#......
#.....#..#.#......
..8.....8..#.# .....
#.##.######.#.#
.w... # #. ..#.#
.... .. ..#.# .##.
## #.# #.#


You could see a dart slug.

Vanquished Creatures
  A giant cockroach (D:1)
1 creature vanquished.

Notes
Turn   | Place    | Note
-------+----------+-------------------------------------------
     0 | D:1      | Monsterracer the Deep Elf Assassin began the quest for the Orb.
     0 | D:1      | Reached XP level 1. HP: 12/12 MP: 3/3
    24 | D:1      | HP: 1/12 [dart slug/slug dart (7)]
    33 | D:1      | Killed from afar by a dart slug

Action                   || total
-------------------------++-------
Melee: Dagger            ||    16
Armor: Robe              ||     4
Dodge: Dodged            ||     8

Vault maps used:
D:1:      scummos_arrival_simple_crosswalls
